 Dungeon Crawl Stone Soup version 0.30-a0-618-gd6c86c23d0 (webtiles) character file.

Game seed: 4333625714718573945

14581 Newt the Fighter (level 11, -2/101 HPs)
             Began as a Demonspawn Gladiator on Jan 9, 2023.
             Was a Priest of Wu Jian.
             Slain by a skeletal warrior
             ... wielding a +2 halberd of flaming
              (8 damage)
             ... in a volcano.
             The game lasted 00:14:32 (8027 turns).

Newt the Fighter (Demonspawn Gladiator)             Turns: 8027, Time: 00:14:32

Health: -2/101     AC: 15    Str: 18    XL:     11   Next: 90%
Magic:  11/11      EV: 13    Int:  8    God:    Wu Jian [***...]
Gold:   798        SH:  0    Dex: 18    Spells: 10/10 levels left

rFire   . . .      SeeInvis .    o - +3 falchion of the Distant Future {heavy, rCorr Int-2 Dex+3}
rCold   . . .      Faith    .    (no shield)
rNeg    . . .      Spirit   .    E - +0 steam dragon scales
rPois   +          Reflect  .    c - +0 helmet
rElec   .          Harm     .    j - +2 cloak
rCorr   +          Rampage  .    (no gloves)
Will    .....                    (no boots)
Stlth   ++                       i - amulet of regeneration
HPRegen 1.16/turn                J - ring of resist corrosion
MPRegen 0.12/turn                (no ring)

@: no status effects
A: claws 1, slimy green scales 3, spiny 2
a: Renounce Religion, Wall Jump, Serpent's Lash


You were in a volcano.
You worshipped Wu Jian.
Wu Jian was most pleased with you.
You visited 2 branches of the dungeon, and saw 11 of its levels.
You also visited: Volcano.

You collected 812 gold pieces.
You spent 14 gold pieces at shops.

Inventory:

Hand Weapons
 a - a +0 rapier
 o - the +3 falchion of the Distant Future (weapon) {heavy, rCorr Int-2 Dex+3}
   (You found it on level 3 of the Dungeon)

   Int:       It affects your intelligence (-2).
   Dex:       It affects your dexterity (+3).
   rCorr:     It protects you from acid and corrosion.
 s - a +2 sling of flaming
 I - a +4 war axe
Missiles
 d - 4 throwing nets (quivered)
 e - a javelin
 p - 3 atropa-tipped darts
 q - 24 poisoned darts
Armour
 b - a +1 leather armour
 c - a +0 helmet (worn)
 j - a +2 cloak (worn)
 n - a +0 pair of gloves
 E - +0 steam dragon scales (worn)
Jewellery
 i - an amulet of regeneration (around neck)
 k - an amulet of faith
 J - a ring of resist corrosion (left claw)
Wands
 t - a wand of roots (23)
 x - a wand of paralysis (15)
 C - a wand of flame (11)
 D - a wand of digging (6)
Scrolls
 f - 3 scrolls of enchant armour
 v - 3 scrolls of enchant weapon
 w - a scroll of fear
 y - 3 scrolls of teleportation
 z - a scroll of immolation
 K - a scroll of poison
 L - a scroll of silence
Potions
 g - a potion of heal wounds
 h - 9 potions of curing
 l - 2 potions of might
 m - 2 potions of flight
 r - a potion of berserk rage
 u - 3 potions of attraction
 A - a potion of degeneration
 B - a potion of resistance
 F - a potion of cancellation
 G - a potion of haste {unknown}
 N - a potion of lignification {unknown}


   Skills:
 + Level 14.7 Fighting
 - Level 2.6(5.6) Short Blades
 - Level 7.7(8.0) Long Blades
 - Level 1.7 Throwing
 - Level 8.0 Armour
 - Level 2.6 Dodging
 - Level 2.0 Stealth
 - Level 10.0 Evocations


You had 10 spell levels left.
You didn't know any spells.
Your spell library contained the following spells:

 Spells                   Type           Power      Damage    Failure   Level
 Apportation              Tloc           0%         N/A       41%         1
 Alistair's Intoxication  Tmut/Pois      0%         N/A       100%        5


Dungeon Overview and Level Annotations

Branches:
Dungeon (9/15)             Temple (0/1) D:4            Lair (2/5) D:8
  Snake (0/4) Lair:2      Volcano (1/1)
  Swamp: Lair:2-3    Shoals: Lair:2-3       Orc: D:9-12

Altars:
Dithmenos
Fedhas
Makhleb
Sif Muna
Wu Jian

Shops:
D:6 (!:(   D:8 *


Innate Abilities, Weirdness & Mutations

You have sharp fingernails.
You are completely covered in slimy green scales. (AC +4, rPois)
You are mostly covered in sharp spines.


Message History

Roots grab the skeletal warrior.
The grasping roots constrict the skeletal warrior!
The grasping roots constrict the troll skeleton!
The skeletal warrior escapes!
The troll skeleton struggles to escape constriction.
Aiming: Throw Flame
Press: ? - help, Shift-Dir - straight line, f/p - troll skeleton
Aim: a troll skeleton (heavily damaged, constricted by roots, 100% to hit)
The puff of flame hits the troll skeleton!
The troll skeleton is almost destroyed.
The grasping roots constrict the troll skeleton.
The troll skeleton escapes!
Aiming: Paralyse
Press: ? - help, Shift-Dir - straight line, f - skeletal warrior
Aim: a skeletal warrior, wielding a +2 halberd of flaming (lightly damaged, chance to affect: 10%)
The skeletal warrior resists with almost no effort.
Aiming: Fastroot
Press: ? - help, Shift-Dir - straight line, f/p - skeletal warrior
Aim: a skeletal warrior, wielding a +2 halberd of flaming (lightly damaged)
The roots erupt in riotous growth!
Roots grab the skeletal warrior.
The air gets thick with the scent of sulphur.
The grasping roots constrict the skeletal warrior!
The skeletal warrior struggles to escape constriction.
The grasping roots constrict the skeletal warrior!
The skeletal warrior barely misses you.
You lunge at the skeletal warrior, but your attack speed is too slow for a blow to land.
The grasping roots constrict the skeletal warrior.
The skeletal warrior hits you with a +2 halberd of flaming.
* * * LOW HITPOINT WARNING * * *
The skeletal warrior burns you.
* * * LOW HITPOINT WARNING * * *
You hit the skeletal warrior.
The skeletal warrior is heavily damaged.
In the distance, the volcano erupts with a roar.
The grasping roots constrict the skeletal warrior!
The skeletal warrior hits you with a +2 halberd of flaming!!
* * * LOW HITPOINT WARNING * * *
The skeletal warrior burns you!
You die...

##################
#...##..@zZ..#...+
#...##...#...'...# #
#...##...#...#...# ≈#
###.##.#######+###
≈≈## #.##.# §≈≈##
##.##.##
≈≈≈≈######......##
≈§....##.............
≈....≈.###.#..#.#####


You could see a skeletal warrior (rooted) and a troll skeleton.

Vanquished Creatures
  An anaconda skeleton (Volcano)
  A lindwurm (Lair:2)
  Pikel (D:7)
  2 oklob plants (Lair:1)
  A guardian serpent (Lair:2)
  Joseph (D:7)
  2 gargoyles (Volcano)
  Maggie (D:7)
  2 rime drakes (Lair:1)
  4 cane toads
  A komodo dragon (D:8)
  Grinder (D:5)
  A harpy skeleton (Volcano)
  10 blink frogs (Lair:2)
  3 flying skulls (Volcano)
  2 wyverns
  7 yaks
  A steam dragon (D:4)
  10 water moccasins
  3 ice beasts
  An orc warrior (D:6)
  A black bear (D:6)
  7 wolves
  3 ogres
  4 centaurs
  2 phantoms
  A kobold brigand (D:7)
  3 bullfrogs
  3 necrophages
  2 scorpions
  8 wights
  5 killer bees (D:8)
  3 spriggan skeletons (Volcano)
  3 howler monkeys (D:6)
  A troll skeleton (Volcano)
  A crimson imp (D:6)
  4 hounds
  2 jellies
  A gnoll bouda (D:8)
  3 orc priests (D:5)
  2 iguanas (D:5)
  9 orc wizards
  A naga skeleton (Volcano)
  5 adders
  6 gnolls
  2 shadow imps
  2 white imps
  2 worms
  3 dart slugs
  20 orcs
  8 endoplasms
  A giant cockroach (D:3)
  6 goblins
  12 hobgoblins
  3 jackals (D:1)
  19 kobolds
  7 quokkas
  8 ball pythons
  6 bats
  2 frilled lizards (D:2)
  4 rats
241 creatures vanquished.

Vanquished Creatures (others)
  A kobold (D:4)
  15 fungi
  6 plants
  3 toadstools (D:3)
25 creatures vanquished.

Grand Total: 266 creatures vanquished

Notes
Turn   | Place    | Note
-------+----------+-------------------------------------------
     0 | D:1      | Newt the Demonspawn Gladiator began the quest for the Orb.
     0 | D:1      | Reached XP level 1. HP: 16/16 MP: 1/1
    57 | D:1      | Reached skill level 1 in Stealth
   146 | D:1      | Gained mutation: You are partially covered in sharp spines.
                  | [demonic ancestry]
   146 | D:1      | Reached XP level 2. HP: 17/22 MP: 2/2
   806 | D:2      | Gained mutation: You are partially covered in slimy green
                  | scales. (AC +2) [demonic ancestry]
   806 | D:2      | Reached XP level 3. HP: 23/28 MP: 3/3
   820 | D:2      | Reached skill level 3 in Fighting
  1005 | D:2      | Found a faded altar of an unknown god.
  1219 | D:2      | Reached XP level 4. HP: 37/37 MP: 4/4
  1391 | D:2      | Reached skill level 4 in Fighting
  1823 | D:3      | Reached skill level 1 in Armour
  1864 | D:3      | Identified the +3 falchion of the Distant Future {heavy,
                  | rCorr Int-2 Dex+3}
  2055 | D:3      | Reached XP level 5. HP: 42/42 MP: 5/5
  2560 | D:4      | Noticed a steam dragon
  2569 | D:4      | Killed a steam dragon
  2570 | D:4      | Gained mutation: You are mostly covered in sharp spines.
                  | [demonic ancestry]
  2570 | D:4      | Reached XP level 6. HP: 33/48 MP: 6/6
  2579 | D:4      | Identified a scroll of acquirement
  2579 | D:4      | Acquired a manual of Fighting
  2604 | D:4      | Found an ornate altar of the Wu Jian Council.
  2642 | D:4      | Became a worshipper of the Wu Jian Council
  2674 | D:4      | Found a staircase to the Ecumenical Temple.
  2757 | D:4      | Found a shadowy altar of Dithmenos.
  2972 | D:5      | Entered Level 5 of the Dungeon
  3028 | D:5      | Noticed Grinder
  3035 | D:5      | Killed Grinder
  3036 | D:5      | Reached skill level 7 in Fighting
  3036 | D:5      | Reached XP level 7. HP: 60/60 MP: 7/7
  3073 | D:5      | Reached skill level 8 in Fighting
  3310 | D:5      | Reached skill level 9 in Fighting
  3347 | D:5      | Gained mutation: You have sharp fingernails. [demonic
                  | ancestry]
  3347 | D:5      | Reached XP level 8. HP: 72/72 MP: 8/8
  3362 | D:5      | Reached * piety under Wu Jian
  3363 | D:5      | Reached skill level 10 in Fighting
  3410 | D:5      | Found a blossoming altar of Fedhas.
  3703 | D:6      | Found Jijausk's Book Shop.
  4026 | D:6      | Reached skill level 5 in Long Blades
  4032 | D:6      | Found Fefairph's Weapon Emporium.
  4124 | D:6      | Found Xueqecit's Distillery.
  4128 | D:6      | Reached skill level 1 in Evocations
  4158 | D:6      | Bought a potion of degeneration for 14 gold pieces
  4347 | D:6      | Found Rophurcho's Weapon Shop.
  4355 | D:6      | Found a burning altar of Makhleb.
  4359 | D:6      | Reached skill level 11 in Fighting
  4573 | D:6      | Found a shimmering blue altar of Sif Muna.
  4629 | D:7      | Gained mutation: You are mostly covered in slimy green
                  | scales. (AC +3) [demonic ancestry]
  4629 | D:7      | Reached XP level 9. HP: 81/81 MP: 9/9
  4646 | D:7      | Reached skill level 12 in Fighting
  4718 | D:7      | Noticed Pikel
  4728 | D:7      | Killed Pikel
  4729 | D:7      | Reached skill level 13 in Fighting
  4742 | D:7      | Reached ** piety under Wu Jian
  4804 | D:7      | Reached skill level 14 in Fighting
  4912 | D:7      | Noticed Maggie
  4929 | D:7      | Killed Maggie
  4930 | D:7      | Reached skill level 5 in Evocations
  5202 | D:7      | Noticed Joseph
  5210 | D:7      | Killed Joseph
  5567 | D:8      | Found a staircase to the Lair.
  5570 | D:8      | Reached XP level 10. HP: 93/94 MP: 10/10
  5590 | D:8      | Reached skill level 5 in Armour
  5869 | D:8      | Found Tiluheam's General Store.
  6205 | Lair:1   | Entered Level 1 of the Lair of Beasts
  6323 | Lair:1   | Noticed a cane toad
  6327 | Lair:1   | Killed a cane toad
  6361 | Lair:1   | Gained mutation: You are completely covered in slimy green
                  | scales. (AC +4, rPois) [demonic ancestry]
  6361 | Lair:1   | Reached XP level 11. HP: 60/100 MP: 11/11
  6766 | Lair:1   | Found a blossoming altar of Fedhas.
  6768 | Lair:1   | Noticed an oklob plant
  6769 | Lair:1   | Noticed an oklob plant
  6780 | Lair:1   | Killed an oklob plant
  6795 | Lair:1   | Killed an oklob plant
  7296 | Lair:2   | Found a staircase to the Snake Pit.
  7345 | Lair:2   | Reached *** piety under Wu Jian
  7561 | Lair:2   | HP: 1/100 [blink frog (12)]
  7749 | Lair:2   | Found a dark tunnel.
  7749 | Lair:2   | Noticed a lindwurm
  7761 | Lair:2   | Killed a lindwurm
  7762 | Lair:2   | Reached skill level 10 in Evocations
  7769 | Volcano  | Entered a volcano
  8007 | Volcano  | Noticed a skeletal warrior
  8027 | Volcano  | Slain by a skeletal warrior

Illustrated notes

Levels and vault maps discovered:
D:1:      dpeg_arrival_simpleton_b, layout_basic
D:2:      minmay_razor_zed, layout_rooms, shapermc_ecumenical_altar_hornbeckon,
          chequers_garden
D:3:      layout_basic, minmay_gold_behind_fungi, minmay_quantized
D:4:      layout_rooms, mainiacjoe_overflow_concentric_impassable,
          nicolae_dithmenos_shadow_blocks, minmay_temple_entry_waves
D:5:      layout_loops_ring, fedhas_altar_4, uniq_grinder
D:6:      layout_basic, makhleb_grotto_becter, lemuel_blue_sif_altar,
          serial_shops, nicolae_shop_hallway_stairs, nicolae_shop_stone,
          nicolae_shop_hallway_plus, shop, kennysheep_path_1, kennysheep_donut
D:7:      layout_basic, uniq_pikel, uniq_joseph, uniq_maggie
D:8:      layout_cave_pools, due_lair_maze_entry_diamond, serial_shops,
          nicolae_shop_competitors_out_of_business
D:9:      layout_stronghold, nicolae_overflow_crystal_walls, serial_shops,
          nicolae_shop_statue_plus, uniq_erolcha
Lair:1:   layout_cave_pods, hangedman_tree_tricks
Lair:2:   layout_regular_city, minmay_snake_entry_spellcaster,
          nicolae_volcano_entry_vermiform
Volcano:  volcano_tomb [vts_chambers]

Skill      XL: |  1  2  3  4  5  6  7  8  9 10 11 |
---------------+----------------------------------+-----
Stealth        | 1 2 |  2.0
Fighting       | 3 4 7 9 11 14 | 14.7
Armour         | 2 3 7 8 |  8.0
Long Blades    | 2 3 5 7 |  7.7
Evocations     | 3 6 10 | 10.0
Short Blades   | |  2.6
Throwing       | |  1.7
Dodging        | |  2.6

Action                   |  1- 3 |  4- 6 |  7- 9 | 10-12 || total
-------------------------+-------+-------+-------+-------++-------
Melee: Rapier            |   105 |    26 |       |       ||   131
       Punch             |     2 |       |       |     5 ||     7
       Falchion          |       |    57 |   166 |   221 ||   444
Throw: Throwing net      |     1 |       |       |       ||     1
Invok: Lunge             |       |       |    16 |     8 ||    24
       Whirlwind         |       |       |     1 |    19 ||    20
Evoke: Wand              |       |       |       |    12 ||    12
  Use: Scroll            |     3 |     9 |     4 |     6 ||    22
       Potion            |       |       |       |     5 ||     5
 Stab: Sleeping          |     4 |     3 |     3 |     2 ||    12
       Paralysed         |       |       |       |    10 ||    10
Armor: Leather armour    |    22 |    40 |    54 |       ||   116
       Steam dragon scal |       |       |     2 |   135 ||   137
Dodge: Dodged            |    58 |    69 |    96 |   220 ||   443

Table legend: (Time is in decaauts)
 A = Elapsed time spent in this place.
 B = Non-inter-level travel time spent in this place.
 C = Inter-level travel time spent in this place.
 D = Time resting spent in this place.
 E = Time spent auto-exploring this place.
 F = Levels seen in this place.
 G = Mean time per level.
                   A        B        C        D        E       F      G
               +--------+--------+--------+--------+--------+-----+--------+
         Total |   8227 |   7865 |    362 |    828 |   4988 |  12 |  685.6 |
       Dungeon |   6362 |   6083 |    279 |    686 |   4114 |   9 |  706.9 |
          Lair |   1596 |   1514 |     82 |     77 |    844 |   2 |  798.0 |
       Volcano |    269 |    269 |      0 |     65 |     30 |   1 |  269.0 |
               +--------+--------+--------+--------+--------+-----+--------+

Top non-repeatable levels by time:
  Lair:1: 1080 daAuts
     D:3: 1032 daAuts
     D:7: 975 daAuts
     D:6: 930 daAuts
     D:1: 800 daAuts
     D:5: 767 daAuts
     D:2: 723 daAuts
     D:8: 665 daAuts
  Lair:2: 516 daAuts
     D:4: 464 daAuts
 Volcano: 269 daAuts
     D:9: 1 daAuts
